AoeStats
← Sir bacardi

Arabia

507785264Analyzed
1v1 RM · 14d ago on Sep 19, 2026· 36m 19s· 2 players
Game mode
Random Map
Map size
Tiny (2 player)
Population
200
Speed
Normal
Resources
Standard
Victory
Conquest
Starting age
Dark Age
Ending age
Imperial Age
RankedLock teamsTeams togetherTeam positionsShared explorationLock speedFull tech treeHidden civsTurbo modeCheats
Victory
Defeat
🇫🇷 Magyars · France
1118
+13
🇨🇱 Byzantines · Chile
1063
-13
Gorillum
6:23 Loom
9:20 Feudal Age
22:15 Castle Age
21:36 Bloodlines
21:13 Double-Bit Axe
21:11 Horse Collar
21:42 Fletching
21:46 Gold Mining
22:58 Bodkin Arrow
24:19 Husbandry
28:36 Bow Saw
28:28 Heavy Plow
29:24 Padded Archer Armor
31:36 Leather Archer Armor
32:38 Ballistics
31:48 Light Cavalry
32:44 Scale Barding Armor
33:24 Wheelbarrow
Sir bacardi
10:05 Loom
12:28 Feudal Age
16:51 Castle Age
14:58 Double-Bit Axe
17:49 Bow Saw
25:23 Wheelbarrow
25:03 Scale Barding Armor
24:59 Husbandry
27:05 Chain Barding Armor
28:02 Elite Skirmisher
29:59 Padded Archer Armor
33:39 Fletching
34:04 Leather Archer Armor
36:42 Imperial Age
Connection lost

Rejoining the realm…

Still unreachable

The connection could not be restored.

Session expired

The server has moved on; the page needs a fresh start.